 Dungeon Crawl Stone Soup version 0.22-a0-815-gb582571 (webtiles) character file.

30031 iamserjio the Destroyer (level 13, -1/76 HPs)
             Began as a Tengu Fire Elementalist on July 23, 2018.
             Was a High Priest of Vehumet.
             Slain by a spiny frog (16 damage)
             ... on level 6 of the Lair of Beasts.
             The game lasted 01:20:20 (8510 turns).

iamserjio the Destroyer (Tengu Fire Elementalist)   Turns: 8510, Time: 01:20:21

Health: -1/76      AC:  7    Str:  8    XL:     13   Next: 49%
Magic:  7/36       EV: 23    Int: 25    God:    Vehumet [*****.]
Gold:   1172       SH:  5    Dex: 15    Spells: 5/30 levels left

rFire    + . .     SeeInvis .   N - +3 dagger (elec)
rCold    x . .     Gourm    .   r - +0 buckler
rNeg     . . .     Faith    .   v - +1 robe of Umaed {rCorr Int+4}
rPois    .         Spirit   .   (helmet restricted)
rElec    .         Reflect  .   s - +1 cloak
rCorr    +         Harm     .   p - +1 pair of gloves
MR       .....                  (boots unavailable)
Stlth    ++........             y - amulet of rage
HPRegen  0.22/turn              z - ring of magical power
MPRegen  0.25/turn              j - ring of fire

@: flying quickly and evasively, slowed, very slow
A: beak, talons 3, able to fly 1
a: Renounce Religion, Evoke Berserk Rage


You were on level 6 of the Lair of Beasts.
You worshipped Vehumet.
Vehumet was extremely pleased with you.
You were hungry.

You visited 3 branches of the dungeon, and saw 18 of its levels.

You collected 1172 gold pieces.

Inventory:

Hand Weapons
 h - a +0 hunting sling
 k - a +3 mace of draining
 x - a +1 mace of protection
 D - a +0 dagger of holy wrath
 J - a +1 dagger of draining
 N - a +3 dagger of electrocution (weapon)
 T - a +0 blowgun
 U - a +1 dagger of venom
 W - a +4 short sword
Missiles
 i - 87 stones (quivered)
 n - 3 poisoned tomahawks
 V - 6 curare-tipped needles {!f}
Armour
 a - a +0 robe
 p - a +1 pair of gloves (worn)
 r - a +0 buckler (worn)
 s - a +1 cloak (worn)
 v - the +1 robe of Umaed (worn) {rCorr Int+4}
   (You found it on level 4 of the Dungeon)

   It affects your intelligence (+4).
   It provides partial protection from all sources of acid and corrosion.
 G - a +1 ring mail of poison resistance
 Q - a +1 robe of magic resistance
Jewellery
 j - a ring of fire (right hand)
 t - a +3 ring of evasion
 y - an amulet of rage (around neck)
 z - a ring of magical power (left hand)
 L - an uncursed ring of fire
Wands
 d - a wand of enslavement (26)
 C - a wand of paralysis (9)
 H - a wand of flame (38)
 O - a wand of random effects (42)
Scrolls
 b - 2 scrolls of immolation
 g - 3 scrolls of amnesia
 o - a scroll of summoning {unknown}
 u - a scroll of vulnerability
 F - 2 scrolls of remove curse {@r2}
 M - 2 scrolls of fear
 P - a scroll of fog {unknown}
Potions
 f - a potion of agility {unknown}
 l - 4 potions of mutation {unknown}
 m - 2 potions of curing {@q1}
 q - a potion of brilliance {unknown}
 w - 3 potions of degeneration {unknown}
 A - a potion of haste {unknown}
 B - 2 potions of lignification
 E - a potion of heal wounds {unknown}
 I - a potion of invisibility {unknown}
 S - a potion of cancellation {unknown}
Miscellaneous
 e - a sack of spiders
 K - a lightning rod (3/4)
Comestibles
 c - 29 rations
 R - 13 chunks of flesh


   Skills:
 * Level 6.6 Fighting
 * Level 10.9 Dodging
 - Level 2.0 Stealth
 - Level 4.0 Shields
 * Level 9.2 Spellcasting
 + Level 13.8 Conjurations
 * Level 13.2 Fire Magic


You had 5 spell levels left.
You knew the following spells:

 Your Spells              Type           Power        Failure   Level  Hunger
a - Flame Tongue          Conj/Fire      #####        0%          1    None
b - Conjure Flame         Conj/Fire      #######.     1%          3    None
c - Sticky Flame          Conj/Fire      #######.     1%          4    #......
d - Fireball              Conj/Fire      #######...   1%          5    ####...
e - Shock                 Conj/Air       ####         1%          1    None
f - Blink                 Tloc           N/A          9%          2    None
g - Stone Arrow           Conj/Erth      #####.       1%          3    None
h - Iron Shot             Conj/Erth      #####.....   13%         6    ######.

Your spell library contained the following spells:

 Spells                   Type           Power        Failure   Level  Hunger
 Magic Dart               Conj           ####         0%          1    None
 Slow                     Hex            ##......     9%          2    None
 Throw Flame              Conj/Fire      ######       1%          2    None
 Throw Frost              Conj/Ice       #####.       1%          2    None
 Mephitic Cloud           Conj/Pois/Air  ####....     1%          3    None
 Freeze                   Ice            ##..         1%          1    None
 Summon Ice Beast         Ice/Summ       ##......     47%         4    #......
 Ozocubu's Armour         Chrm/Ice       ##......     16%         3    None
 Call Imp                 Summ           ##......     9%          2    None
 Throw Icicle             Conj/Ice       #####...     1%          4    #......
 Inner Flame              Hex/Fire       ######..     1%          3    None


Dungeon Overview and Level Annotations

Branches:
Dungeon (11/15)            Temple (1/1) D:4            Lair (6/6) D:11
  Swamp (0/4) Lair:2        Snake (0/4) Lair:3        Slime (0/5) Lair:5
    Orc (0/2) D:11

Altars:
Ashenzari
Dithmenos
Fedhas
Gozag
Hepliaklqana
Kikubaaqudgha
Makhleb
Nemelex Xobeh
Okawaru
Qazlal
Ru
Sif Muna
Trog
Uskayaw
Vehumet
Wu Jian
Xom
Yredelemnul
Zin
The Shining One
Jiyva

Annotations:
Lair:3 Foll's ghost, journeyman OpFi; Vaxualodu's ghost, journeyman GnIE; Zafes's ghost, journeyman MiBe


Innate Abilities, Weirdness & Mutations

You have a beak for a mouth.
You have claws for feet.
You can fly.


Message History

You kill the spiny frog!
Vehumet accepts your kill.
You feel your power returning.
You hear a howl!
You hear a bellow! x2
A six-headed hydra comes into view.
You see here a golden potion.
You feel better.
A torpor snail comes into view.
A yak comes into view.
Being near the torpor snail leaves you feeling lethargic.
The yak gores the plant! 2 yaks come into view.
The yak moves out of view.
As you read the scroll labeled CUANYL RUFULO, it crumbles to dust.
You assume a fearsome visage.
The yak looks frightened!
The yak bellows!
The yak looks frightened!
The torpor snail looks frightened!
The spiny frog resists with some effort.
The six-headed hydra looks frightened!
It was a scroll of fear.
The spiny frog stings you!
You die...

.. #..
Y.###P.P.#... .
.............##.#
..##PPY..#....#.##
%.....P..#...P...
...w.#.......P.. #.
........##....##...
....)...@..........
.#.....F#P.<....P..
#.....#.##D(.......
.............#..###
#P.....P.†....####
.......P.!†..#...#
#.#...##..........
# #### ##..........
#P....####.


You could see a six-headed hydra (fleeing), a torpor snail (fleeing), 2 yaks and
a spiny frog.

Vanquished Creatures
  A hydra (Lair:5)
  5 two-headed ogres
  Sonja (D:11)
  An unseen horror (D:10)
  A flayed ghost (D:8)
  A manticore (D:8)
  9 elephants
  A black mamba (Lair:3)
  8 spiny frogs
  A torpor snail (Lair:5)
  2 rime drakes
  4 komodo dragons
  Grinder (D:4)
  2 polar bears
  2 hornets
  13 blink frogs
  2 bog bodies (Lair:2)
  Prince Ribbit (D:9)
  5 hippogriffs
  2 spriggans
  18 yaks
  A wyvern (Lair:3)
  A steam dragon (Lair:3)
  A basilisk (Lair:1)
  2 nagas (Lair:3)
  A soldier ant (D:10)
  9 water moccasins
  4 porcupines
  4 orc warriors
  2 sky beasts
  2 black bears
  A necrophage (D:8)
  2 ice beasts
  An eye of draining (D:9)
  A centaur (D:10)
  7 ogres
  9 crocodiles
  2 big kobolds
  10 bullfrogs
  A water moccasin zombie (D:11)
  A water moccasin skeleton (D:8)
  3 scorpions
  3 wights (D:11)
  6 killer bees (D:9)
  5 howler monkeys
  4 electric eels
  5 crimson imps
  A bullfrog zombie (D:8)
  A centaur zombie (D:6)
  8 hounds
  A quasit (D:10)
  2 jellies (D:9)
  16 orc wizards
  2 bullfrog skeletons
  4 centaur skeletons
  5 orc priests
  A gnoll shaman (D:7)
  4 iguanas
  9 worker ants
  A hound skeleton (D:6)
  3 gnolls (D:7)
  6 adders
  4 shadow imps
  2 oozes
  A worm (D:2)
  A dart slug (D:1)
  5 leopard geckos
  36 orcs
  4 bats
  3 giant cockroaches
  7 goblins
  3 hobgoblins
  4 jackals
  5 quokkas
  4 frilled lizards
  A jackal skeleton (D:8)
  A jackal zombie (D:8)
  12 kobolds
  2 rats
  2 bushes (D:8)
  A fungus (Lair:4)
331 creatures vanquished.

Vanquished Creatures (collateral kills)
  A hydra (Lair:4)
1 creature vanquished.

Vanquished Creatures (others)
  A fungus (Lair:6)
  6 plants
  2 withered plants (Lair:3)
9 creatures vanquished.

Grand Total: 341 creatures vanquished

Notes
Turn   | Place    | Note
-------+----------+-------------------------------------------
     0 | D:1      | iamserjio the Tengu Fire Elementalist began the quest for the Orb.
     0 | D:1      | Reached XP level 1. HP: 10/10 MP: 4/4
    99 | D:1      | Reached XP level 2. HP: 5/15 MP: 3/6
   379 | D:2      | Reached XP level 3. HP: 12/19 MP: 5/7
   696 | D:3      | Learned a level 3 spell: Conjure Flame
   794 | D:3      | Reached XP level 4. HP: 8/24 MP: 1/8
  1006 | D:3      | Gained mutation: You can fly. [Tengu growth]
  1006 | D:3      | Reached XP level 5. HP: 19/28 MP: 6/9
  1012 | D:3      | Reached skill level 1 in Fighting
  1197 | D:4      | Learned a level 4 spell: Sticky Flame
  1398 | D:4      | Noticed Grinder
  1438 | D:5      | Entered Level 5 of the Dungeon
  1442 | D:5      | Reached skill level 5 in Conjurations
  1442 | D:5      | Reached XP level 6. HP: 31/35 MP: 9/11
  1560 | D:4      | Reached skill level 5 in Fire Magic
  1769 | D:5      | Reached XP level 7. HP: 40/40 MP: 6/13
  1944 | D:4      | Found a staircase to the Ecumenical Temple.
  1953 | Temple   | Entered the Ecumenical Temple
  2063 | Temple   | Became a worshipper of Vehumet
  2105 | D:4      | Got a crude robe
  2116 | D:4      | Identified the cursed +1 robe of Umaed {rCorr Int+4} (You found it on level 4 of the Dungeon)
  2145 | D:4      | Killed Grinder
  2373 | D:6      | Reached XP level 8. HP: 27/44 MP: 13/15
  2407 | D:6      | Learned a level 5 spell: Fireball
  2836 | D:6      | Reached * piety under Vehumet
  2836 | D:6      | Offered knowledge of Shock by Vehumet.
  3052 | D:6      | Learned a level 1 spell: Shock
  3367 | D:7      | Reached XP level 9. HP: 27/48 MP: 5/16
  4161 | D:8      | Offered knowledge of Throw Frost by Vehumet.
  4182 | D:8      | Reached ** piety under Vehumet
  4182 | D:8      | Noticed a manticore
  4191 | D:8      | Noticed a flayed ghost
  4192 | D:8      | Killed a manticore
  4201 | D:8      | Killed a flayed ghost
  4201 | D:8      | Reached skill level 5 in Dodging
  4201 | D:8      | Reached XP level 10. HP: 25/52 MP: 3/18
  4210 | D:8      | Reached skill level 5 in Spellcasting
  4229 | D:8      | Noticed a two-headed ogre
  4259 | D:8      | Killed a two-headed ogre
  4368 | D:8      | Noticed a two-headed ogre
  4403 | D:8      | Killed a two-headed ogre
  4403 | D:8      | Reached skill level 10 in Conjurations
  4403 | D:8      | Reached skill level 10 in Fire Magic
  4542 | D:9      | Learned a level 2 spell: Blink
  4622 | D:9      | Offered knowledge of Searing Ray by Vehumet.
  4652 | D:9      | Noticed Prince Ribbit
  4654 | D:9      | Killed Prince Ribbit
  4719 | D:9      | Reached *** piety under Vehumet
  4813 | D:9      | Found a blossoming altar of Fedhas.
  4845 | D:9      | Offered knowledge of Stone Arrow by Vehumet.
  4977 | D:10     | Entered Level 10 of the Dungeon
  5101 | D:10     | Learned a level 3 spell: Stone Arrow
  5153 | D:10     | Noticed a two-headed ogre
  5164 | D:10     | Killed a two-headed ogre
  5164 | D:10     | Reached XP level 11. HP: 53/60 MP: 17/21
  5360 | D:10     | Noticed a two-headed ogre
  5380 | D:10     | Killed a two-headed ogre
  5470 | D:10     | Found a sacrificial altar of Ru.
  5521 | D:10     | Noticed an unseen horror
  5523 | D:10     | Killed an unseen horror
  5816 | D:10     | Reached **** piety under Vehumet
  6120 | D:11     | Noticed Sonja
  6121 | D:11     | Offered knowledge of Olgreb's Toxic Radiance by Vehumet.
  6121 | D:11     | Killed Sonja
  6124 | D:11     | Noticed a two-headed ogre
  6141 | D:11     | Killed a two-headed ogre
  6141 | D:11     | Reached skill level 5 in Fighting
  6438 | D:11     | Found a staircase to the Lair.
  6506 | Lair:1   | Entered Level 1 of the Lair of Beasts
  6535 | Lair:1   | Reached XP level 12. HP: 67/67 MP: 23/23
  6549 | Lair:1   | Reached ***** piety under Vehumet
  6568 | Lair:1   | Offered knowledge of Iron Shot by Vehumet.
  6576 | Lair:1   | Learned a level 6 spell: Iron Shot
  6747 | Lair:3   | Found a staircase to the Snake Pit.
  7050 | Lair:2   | Found a staircase to the Swamp.
  7189 | Lair:3   | Found a runed gate.
  7189 | Lair:3   | Found a runed gate.
  7189 | Lair:3   | Found a runed gate.
  7189 | Lair:3   | Noticed Vaxualodu's ghost (journeyman GnIE)
  7189 | Lair:3   | Noticed Zafes's ghost (journeyman MiBe)
  7189 | Lair:3   | Noticed Foll's ghost (journeyman OpFi)
  7243 | Lair:4   | HP: 3/69 [crocodile (7)]
  7318 | Lair:3   | Reached skill level 10 in Dodging
  7558 | Lair:4   | Reached XP level 13. HP: 45/74 MP: 11/26
  7984 | Lair:5   | Found a viscous altar of Jiyva.
  8301 | Lair:5   | Found a staircase to the Slime Pits.
  8346 | Lair:6   | Entered Level 6 of the Lair of Beasts
  8500 | Lair:6   | Offered knowledge of Poison Arrow by Vehumet.
  8510 | Lair:6   | Slain by a spiny frog

Vault maps used:
D:1:      dpeg_arrival_water_fire, serial_forest,
          infiniplex_forest_lined_room_3, infiniplex_forest_side_room,
          infiniplex_forest_straight_2, infiniplex_forest_corner_1,
          infiniplex_forest_lined_room_3, infiniplex_forest_diagonal,
          infiniplex_forest_3_way
D:2:      grunt_decor_one_mirror
D:4:      temple_hall, first_ration, uniq_grinder
D:5:      lemuel_flame_loot_1
D:7:      kennysheep_six_static_rooms
D:8:      minmay_klotski
D:9:      nicolae_overflow_crystal_walls, grunt_pizzeria,
          minmay_misc_feat_enclosed, uniq_prince_ribbit1
D:10:     basic_altar
D:11:     lair_entry_dummy, erik_orc_2, uniq_sonja
Temple:   minmay_crystal_snake_temple
Lair:1:   wad_woods_01
Lair:2:   mu_elephants_graveyard, nicolae_swamp_entry_splash_gauntlet
Lair:3:   guppyfry_snake_entry_garden, gammafunk_ghost_cemetery,
          serial_bayou_shore_a, lemuel_fruit_tree
Lair:5:   slime_altar_1, grunt_megastairs_5
Lair:6:   evil_forest, grunt_forest_small_clearings

Skill      XL: |  1  2  3  4  5  6  7  8  9 10 11 12 13 |
---------------+----------------------------------------+-----
Conjurations   | 2 3 4 5 6 8 9 10 11 13 | 13.8
Fire Magic     | 4 5 6 7 9 10 11 12 13 | 13.2
Fighting       | 1 2 4 5 6 |  6.6
Spellcasting   | 3 4 6 7 8 9 |  9.2
Shields        | 2 4 |  4.0
Dodging        | 5 7 8 10 | 10.9
Stealth        | |  2.0

Action                   |  1- 3 |  4- 6 |  7- 9 | 10-12 | 13-15 || total
-------------------------+-------+-------+-------+-------+-------++-------
Melee: Unarmed           |     2 |       |       |       |       ||     2
       Peck              |     1 |     4 |    33 |    47 |     3 ||    88
       Dagger            |    13 |       |     5 |   100 |    39 ||   157
       Kick              |     2 |     8 |    38 |    56 |     9 ||   113
       Mace              |     1 |    36 |       |   121 |       ||   158
       Quarterstaff      |       |     1 |   190 |       |       ||   191
 Fire: Hunting sling     |       |     5 |       |     7 |       ||    12
Throw: Tomahawk          |       |       |     3 |       |       ||     3
       Stone             |       |       |       |     3 |       ||     3
 Cast: Flame Tongue      |    40 |    37 |    50 |    73 |    12 ||   212
       Sticky Flame      |       |     1 |    16 |    55 |    21 ||    93
       Conjure Flame     |       |     1 |     7 |    18 |     5 ||    31
       Fireball          |       |       |     7 |    53 |    23 ||    83
       Shock             |       |       |     2 |       |       ||     2
 Abil: Fly               |       |       |       |     6 |     3 ||     9
Evoke: Wand              |       |       |     1 |     9 |       ||    10
       Lightning rod     |       |       |     1 |     8 |     1 ||    10
       Sack of spiders   |       |       |       |       |     1 ||     1
  Use: Potion            |       |     2 |       |     2 |     2 ||     6
       Scroll            |       |     3 |    10 |     5 |     1 ||    19
 Stab: Sleeping          |     1 |     1 |     1 |     2 |     2 ||     7
       Distracted        |       |       |     1 |       |       ||     1
       Paralysed         |       |       |     5 |    16 |       ||    21
  Eat: Chunk             |       |     3 |    13 |    23 |     7 ||    46
       Ration            |       |       |       |     2 |       ||     2
Armor: Robe              |     3 |     8 |    61 |    40 |    14 ||   126
       Skin              |       |       |       |     5 |       ||     5
Dodge: Dodged            |    25 |    33 |   186 |   210 |    49 ||   503
Block: Buckler           |       |       |       |    71 |    13 ||    84

Table legend:
 A = Spawn XP
 B = Non-spawn XP
 C = Spawn XP percentage of total XP
 D = Spawn monster count
 E = Non-spawn monster count
 F = Spawn count percentage of total count
 G = Total turns spent on level
                    A         B        C        D         E        F      G
               +---------+---------+-------+---------+---------+-------+---------
         Total |       0 |   42902 |   0.0 |       0 |     329 |   0.0 |  8510
               +---------+---------+-------+---------+---------+-------+---------
           D:1 |       0 |      20 |   0.0 |       0 |       8 |   0.0 |   316
           D:2 |       0 |      48 |   0.0 |       0 |      16 |   0.0 |   359
           D:3 |       0 |     193 |   0.0 |       0 |      14 |   0.0 |   471
           D:4 |       0 |     436 |   0.0 |       0 |       5 |   0.0 |   563
           D:5 |       0 |     375 |   0.0 |       0 |       8 |   0.0 |   382
           D:6 |       0 |     773 |   0.0 |       0 |      28 |   0.0 |   837
           D:7 |       0 |     917 |   0.0 |       0 |      16 |   0.0 |   674
           D:8 |       0 |    3805 |   0.0 |       0 |      32 |   0.0 |   682
           D:9 |       0 |    2338 |   0.0 |       0 |      44 |   0.0 |   570
          D:10 |       0 |    4396 |   0.0 |       0 |      27 |   0.0 |   980
          D:11 |       0 |    4672 |   0.0 |       0 |      38 |   0.0 |   547
        Lair:1 |       0 |    4042 |   0.0 |       0 |      20 |   0.0 |   180
        Lair:2 |       0 |    3687 |   0.0 |       0 |      12 |   0.0 |   272
        Lair:3 |       0 |    4835 |   0.0 |       0 |      21 |   0.0 |   528
        Lair:4 |       0 |    4540 |   0.0 |       0 |      16 |   0.0 |   464
        Lair:5 |       0 |    4290 |   0.0 |       0 |      14 |   0.0 |   448
        Lair:6 |       0 |    3535 |   0.0 |       0 |      10 |   0.0 |   112
               +---------+---------+-------+---------+---------+-------+---------
